 Dungeon Crawl Stone Soup version 0.30-a0-711-gf4ac18a38d (console) character file.

Game seed: 7628940055612146306

1591 utis the Destroyer (level 8, -1/43 HPs)
             Began as a Tengu Wanderer on Jan 22, 2023.
             Was a Follower of Vehumet.
             Slain by a wraith (7 damage)
             ... on level 6 of the Dungeon.
             The game lasted 00:32:43 (7202 turns).

utis the Destroyer (Tengu Wanderer)                 Turns: 7202, Time: 00:32:43

Health: -1/43      AC: 10    Str: 16    XL:     8   Next: 93%
Magic:  2/10       EV: 15    Int: 15    God:    Vehumet [*.....]
Gold:   348        SH:  0    Dex: 10    Spells: 5/9 levels left

rFire   . . .      SeeInvis .    K - +2 quarterstaff (chaos)
rCold   . . .      Faith    .    (shield currently unavailable)
rNeg    + . .      Spirit   .    n - +0 ring mail
rPois   .          Reflect  .    (helmet restricted)
rElec   .          Harm     .    b - +1 cloak
rCorr   .          Rampage  .    x - +2 pair of gloves
Will    .....                    (boots unavailable)
Stlth   +                        (no amulet)
HPRegen 0.27/turn                N - ring of positive energy
MPRegen 0.12/turn                (no ring)

@: about to teleport, flying quickly and evasively, slowed, very slow
A: beak, talons 3, nimble flight
a: Renounce Religion


You were on level 6 of the Dungeon.
You worshipped Vehumet.
Vehumet was aware of your devotion.
You visited 1 branch of the dungeon, and saw 7 of its levels.

You collected 348 gold pieces.

Inventory:

Hand Weapons
 a - a +2 hand axe
 f - a +2 short sword of speed
 h - a +1 whip of draining
 t - a +0 shortbow
 B - a +0 halberd
 D - a +7 dagger
 K - a +2 quarterstaff of chaos (weapon)
Missiles
 j - 4 javelins
 w - 3 throwing nets {=f}
Armour
 b - a +1 cloak (worn)
 d - a +0 leather armour
 n - a +0 ring mail (worn)
 x - a +2 pair of gloves (worn)
Jewellery
 L - a ring of flight
 N - a ring of positive energy (left hand)
Wands
 p - a wand of quicksilver (9)
 A - a wand of mindburst (18)
 C - a wand of iceblast (9)
 E - a wand of polymorph (9)
 I - a wand of flame (23)
Scrolls
 m - 3 scrolls of immolation {unknown}
 y - a scroll of poison
 z - a scroll of magic mapping {unknown}
Potions
 c - 2 potions of attraction
 e - a potion of might {unknown}
 g - 3 potions of heal wounds {unknown}
 i - 2 potions of lignification {unknown}
 k - a potion of brilliance {unknown}
 q - 2 potions of magic
 r - 4 potions of degeneration {unknown}
 s - a potion of mutation {unknown}
 u - 4 potions of invisibility
 v - a potion of flight {unknown}
 F - a potion of ambrosia {unknown}
 H - a potion of curing {unknown}
 J - a potion of cancellation {unknown}


   Skills:
 + Level 1.5 Fighting
 - Level 4.3(4.4) Axes
 + Level 1.0(2.9) Polearms
 - Level 1.1 Armour
 * Level 7.0 Dodging
 - Level 2.0 Stealth
 - Level 1.0 Spellcasting
 - Level 8.1 Conjurations
 - Level 3.0 Ice Magic
 - Level 6.0 Air Magic


You had 5 spell levels left.
You knew the following spells:

 Your Spells              Type           Power      Damage    Failure   Level
z - Shock                 Conj/Air       84%        1d8       2%          1
Y - Hailstorm             Conj/Ice       17%        3d6       14%         3

Your spell library contained the following spells:

 Spells                   Type           Power      Damage    Failure   Level
 Sandblast                Erth           0%         2d4       43%         1
 Stone Arrow              Conj/Erth      24%        3d8       26%         3
 Ozocubu's Armour         Ice            9%         N/A       38%         3
 Lesser Beckoning         Tloc           0%         N/A       56%         2
 Gell's Gravitas          Tloc           0%         N/A       80%         3
 Summon Guardian Golem    Hex/Summ       0%         N/A       80%         3
 Teleport Other           Tloc           0%         N/A       80%         3
 Animate Armour           Summ/Erth      0%         N/A       99%         4
 Orb of Destruction       Conj           12%        9d7       100%        7
 Ozocubu's Refrigeration  Ice            4%         4d8       100%        7
 Spellforged Servitor     Conj/Summ      6%         N/A       100%        7
 Lehudib's Crystal Spear  Conj/Erth      6%         10d3      100%        8


Dungeon Overview and Level Annotations

Branches:
Dungeon (7/15)
 Temple: D:4-7

Altars:
Elyvilon
Hepliaklqana
Ru
Vehumet


Innate Abilities, Weirdness & Mutations

You have a beak for a mouth.
You have claws for feet.
Your magical nature lets you fly swiftly and evasively.


Message History

The wraith is almost destroyed.
The zap hits the wraith.
The wraith is almost destroyed.
* * * LOW MAGIC WARNING * * *
The wraith misses you. The wraith barely misses you.
You hit the wraith but do no damage. You claw the wraith, but do no damage.
You peck the wraith.
The wraith is almost destroyed.
The wraith hits you but does no damage.
Your +2 quarterstaff of chaos is briefly surrounded by a scintillating aura of random colours.
K - a +2 quarterstaff of chaos (weapon)
The wraith hits you!
* * * LOW HITPOINT WARNING * * *
The wraith drains your vigour!
You feel as though you will be slow longer.
You barely miss the wraith. You claw the wraith, but do no damage.
The wraith is almost destroyed.
The wraith barely misses you. The wraith closely misses you.
You closely miss the wraith.
The wraith is almost destroyed.
The wraith hits you.
* * * LOW HITPOINT WARNING * * *
The wraith hits you!
* * * LOW HITPOINT WARNING * * *
The wraith drains your vigour!
You feel as though you will be slow longer.
Unknown command.
Okay, then.
Unknown command.
Unknown command.
Unknown command.
The wraith completely misses you.
There is a stone staircase leading up here.
As you read the scroll of teleportation {@r4}, it crumbles to dust.
You feel strangely unstable. The wraith hits you.
* * * LOW HITPOINT WARNING * * *
The wraith drains your vigour!
You feel as though you will be slow longer.
Unknown command.
The wraith hits you!
You die...

░)░░..░░.░░.░░░░░░░..░..░░...[...
░.)...░..................░.....░.
░.....░..................░.....+.
░.....░.....░░..░░░░░░.░░░....░░.
░.....░.....░░..░░.░░░.░░░....░░.
░.....░░....░░..........░........
░.....░░....░░..........░........
░......'....░░..░░░░░░░░░'░░..░░.
░.....<░....░░..░░.░░░░░░.░░░░░░░
░.....░░....░░.....[..'....░
░+░░░░░░....░░..QW....░....░
░.....░░.....'..░░...░░>...░
░......░....░░░░░░...░░....░
.......░....░░..░░.........░
.......░.........'...░░..░░░
.......░.........░...░░..░
░.....░░.........░.......░░░░░
░.....░░'░░░░░...░...........░
░.....░░...▒▒▒▒▒░░.░░░░░░░░░.░
░.....░...▒▒≈≈≈▒▒░......⚶.⚶..░
░.....░..▒▒≈≈⌠≈≈▒▒⚶.▒.⚶▒..▒..░


You could see a wraith.

Vanquished Creatures
  A water moccasin (D:6)
  A black bear (D:4)
  An ice beast (D:6)
  A sky beast (D:6)
  3 centaurs
  An ogre (D:5)
  A phantom (D:5)
  2 scorpions (D:6)
  A necrophage (D:5)
  3 wights (D:6)
  A howler monkey (D:4)
  2 hounds (D:6)
  2 jellies
  An orc priest (D:5)
  Crazy Yiuf (D:6)
  An iguana (D:6)
  An orc wizard (D:5)
  4 gnolls (D:6)
  8 adders
  A shadow imp (D:5)
  A white imp (D:6)
  2 ufetubi
  2 worms
  2 dart slugs (D:3)
  7 orcs
  6 bats
  3 endoplasms
  3 giant cockroaches
  10 goblins
  6 hobgoblins
  5 quokkas
  4 ball pythons
  5 frilled lizards
  10 kobolds
  A rat (D:1)
104 creatures vanquished.

Vanquished Creatures (others)
  An orc wizard (D:6)
  A fungus (D:6)
  2 plants
4 creatures vanquished.

Grand Total: 108 creatures vanquished

Notes
Turn   | Place    | Note
-------+----------+-------------------------------------------
     0 | D:1      | utis the Tengu Wanderer began the quest for the Orb.
     0 | D:1      | utis set off with the following items: a +2 hand axe, a +0
                  | cloak, a potion of attraction, a +0 leather armour; and the
                  | following spell memorised: Shock; and the following spells
                  | available to memorise: Hailstorm.
     0 | D:1      | Reached XP level 1. HP: 12/12 MP: 3/3
   112 | D:1      | Reached skill level 1 in Air Magic
   279 | D:1      | Reached skill level 1 in Dodging
   323 | D:1      | You fall into a shaft and drop 1 floor!
   327 | D:2      | Reached XP level 2. HP: 16/16 MP: 2/4
   968 | D:2      | Reached skill level 2 in Conjurations
  1096 | D:1      | Reached XP level 3. HP: 20/20 MP: 3/5
  1905 | D:1      | Learned a level 3 spell: Hailstorm
  2236 | D:3      | Found a faded altar of an unknown god.
  2480 | D:3      | Reached XP level 4. HP: 25/25 MP: 6/6
  2492 | D:3      | Found a sacrificial altar of Ru.
  2680 | D:3      | Noticed a centaur
  2687 | D:3      | Killed a centaur
  2688 | D:3      | Reached skill level 3 in Conjurations
  2688 | D:3      | Gained mutation: Your magical nature lets you fly swiftly
                  | and evasively. [Tengu growth]
  2688 | D:3      | Reached XP level 5. HP: 26/29 MP: 7/7
  3174 | D:4      | Reached skill level 4 in Conjurations
  3222 | D:4      | Noticed a black bear
  3254 | D:4      | Killed a black bear
  3255 | D:4      | Reached XP level 6. HP: 6/34 MP: 0/8
  3812 | D:4      | Identified the +10 long sword "Saoxuoramu" {pain, SInv}
  4117 | D:5      | Entered Level 5 of the Dungeon
  4243 | D:5      | Reached skill level 5 in Conjurations
  4243 | D:5      | Reached skill level 5 in Air Magic
  4312 | D:5      | Reached XP level 7. HP: 38/38 MP: 4/9
  4483 | D:5      | Found a hazy altar of Hepliaklqana.
  4572 | D:5      | Found a radiant altar of Vehumet.
  4708 | D:5      | Became a worshipper of Vehumet
  5145 | D:5      | Reached skill level 5 in Dodging
  5145 | D:5      | Reached skill level 6 in Conjurations
  5363 | D:6      | Reached skill level 1 in Ice Magic
  5500 | D:6      | Reached XP level 8. HP: 41/43 MP: 6/10
  5679 | D:6      | Reached skill level 7 in Conjurations
  5820 | D:6      | Reached * piety under Vehumet
  5820 | D:6      | Offered knowledge of Sandblast by Vehumet.
  6568 | D:6      | Found a white marble altar of Elyvilon.
  6577 | D:6      | Reached skill level 8 in Conjurations
  6748 | D:6      | Found a runed translucent door.
  6749 | D:6      | Noticed Crazy Yiuf
  6781 | D:6      | Killed Crazy Yiuf
  6921 | D:7      | Noticed a wyvern
  6958 | D:7      | Noticed a yak
  6960 | D:7      | Noticed a deep elf pyromancer
  6974 | D:6      | Reached skill level 1 in Polearms
  7175 | D:7      | Noticed a wraith
  7202 | D:6      | Slain by a wraith

Illustrated notes

Levels and vault maps discovered:
D:1:      zaba_arrival_water, layout_basic
D:2:      layout_rooms, grunt_ministairs_5
D:3:      layout_loops_ring, nicolae_ru_awakened_eye,
          shapermc_ecumenical_altar_starsandcircs
D:4:      layout_basic
D:5:      layout_loops_ring, nicolae_hepliaklqana_hazy_memory,
          nicolae_vehumet_altar_sigil, ebering_dispersal_statue_hall
D:6:      layout_gridville, nicolae_elyvilon_temple_path,
          uniq_crazy_yiuf_cottage
D:7:      cheibrodos_fzero, layout_rooms, zin_purify,
          minmay_temple_entry_overgrown, uniq_pikel

Skill      XL: |  1  2  3  4  5  6  7  8 |
---------------+-------------------------+-----
Air Magic      | 1 2 3 4 5 6 |  6.0
Dodging        | 1 2 3 4 5 7 |  7.0
Conjurations   | 2 3 4 5 6 8 |  8.1
Ice Magic      | 1 3 |  3.0
Polearms       | 1 |  1.0
Fighting       | |  1.5
Axes           | |  4.3
Armour         | |  1.1
Stealth        | |  2.0
Spellcasting   | |  1.0

Action                     |  1- 3 |  4- 6 |  7- 9 || total
---------------------------+-------+-------+-------++-------
  Melee: Hand axe          |    14 |       |       ||    14
         Peck              |     2 |    11 |    22 ||    35
         Kick              |     6 |    12 |    38 ||    56
         Whip              |    24 |    70 |   128 ||   222
         Punch             |       |     1 |       ||     1
         Quarterstaff      |       |       |     2 ||     2
   Cast: Shock             |    44 |    24 |    63 ||   131
         Hailstorm         |       |       |     2 ||     2
    Use: Scroll            |       |     5 |     4 ||     9
   Stab: Sleeping          |     1 |       |       ||     1
 Armour: Leather armour    |    13 |       |       ||    13
         Ring mail         |     4 |    27 |    55 ||    86
  Dodge: Dodged            |    22 |    47 |   119 ||   188

Table legend: (Time is in decaauts)
 A = Elapsed time spent in this place.
 B = Non-inter-level travel time spent in this place.
 C = Inter-level travel time spent in this place.
 D = Time resting spent in this place.
 E = Time spent auto-exploring this place.
 F = Levels seen in this place.
 G = Mean time per level.
                   A        B        C        D        E       F      G
               +--------+--------+--------+--------+--------+-----+--------+
         Total |   6926 |   6597 |    329 |   1607 |   3503 |   7 |  989.4 |
       Dungeon |   6926 |   6597 |    329 |   1607 |   3503 |   7 |  989.4 |
               +--------+--------+--------+--------+--------+-----+--------+

Top non-repeatable levels by time:
     D:6: 1796 daAuts
     D:2: 1126 daAuts
     D:5: 1087 daAuts
     D:1: 1050 daAuts
     D:4: 983 daAuts
     D:3: 856 daAuts
     D:7: 25 daAuts
